 Dungeon Crawl Stone Soup version 0.31-a0-187-gba352fbbf7 (webtiles) character file.

Game seed: 4807949591519597337

11610 qw the Markself (level 11, -8/66 HPs)
             Began as a Deep Elf Hunter on June 22, 2023.
             Was a High Priest of Okawaru.
             Mangled by a shadow (17 damage)
             ... on level 9 of the Dungeon.
             The game lasted 00:04:24 (8542 turns).

qw the Markself (Deep Elf Hunter)                   Turns: 8542, Time: 00:04:25

Health: -8/66      AC: 18    Str: 20    XL:     11   Next: 51%
Magic:  18/19      EV: 25    Int: 14    God:    Okawaru [*****.]
Gold:   366        SH:  0    Dex: 25    Spells: 10/10 levels left

rFire   . . .        p - +0 orcbow
rCold   . . .        (shield currently unavailable)
rNeg    . . .        f - +0 swamp dragon scales
rPois   +            (no helmet)
rElec   .            i - +2 cloak
rCorr   .            h - +2 pair of gloves
SInv    .            (no boots)
Will    +....        b - amulet of regeneration
Stlth   +++          a - +6 ring of dexterity
HPRegen 1.11/turn    n - +6 ring of strength
MPRegen 0.16/turn

%: no passive effects
@: about to teleport, heroic
A: iridescent scales 1, strong 1, evolution 1
a: Renounce Religion, Heroism, Finesse, Duel


You were on level 9 of the Dungeon.
You worshipped Okawaru.
Okawaru was extremely pleased with you.
You visited 2 branches of the dungeon, and saw 11 of its levels.

You collected 506 gold pieces.
You spent 140 gold pieces at shops.


Innate Abilities, Weirdness & Mutations

You are partially covered in iridescent scales. (AC +2)
Your muscles are strong. (Str +4, Int/Dex -1)
You have hidden genetic potential.


   Skills:
 - Level 6.4(11.4) Fighting
 + Level 15.5(20.5) Ranged Weapons
 - Level 3.2(8.2) Armour
 - Level 11.0(16.0) Dodging
 - Level 1.2(6.2) Stealth
 + Level 8.3 Invocations


You had 10 spell levels left.
You didn't know any spells.
Your spell library was empty.

Inventory:

Hand Weapons
 p - a +0 orcbow (weapon)
Armour
 f - +0 swamp dragon scales (worn)
 h - a +2 pair of gloves (worn)
 i - a +2 cloak (worn)
Jewellery
 a - a +6 ring of dexterity (left hand)
 b - an amulet of regeneration (around neck)
 n - a +6 ring of strength (right hand)
Scrolls
 g - 2 scrolls of identify
 o - 5 scrolls of teleportation
Potions
 c - 3 potions of might
 d - 2 potions of cancellation
 j - 2 potions of haste
 k - a potion of mutation
 m - a potion of curing

Dungeon Overview and Level Annotations

Branches:
Dungeon (10/15)            Temple (1/1) D:4
   Lair: D:8-11         Orc: D:9-12

Altars:
Ashenzari
Cheibriados
Dithmenos
Elyvilon
Fedhas
Gozag
Kikubaaqudgha
Makhleb
Okawaru
Qazlal
Ru
Sif Muna
Trog
Uskayaw
Vehumet
Wu Jian
Xom
Yredelemnul
Zin
The Shining One

Shops:
D:4 =   D:6 ?

Annotations:
D:2 1 runed translucent door, Crazy Yiuf
D:4 3 runed translucent doors, qw's ghost, novice GrFi


Message History

The troll is almost dead.
The kobold brigand completely misses you.
The troll completely misses you. The troll claws you but does no damage.
The troll misses you.
You shoot an arrow. The arrow barely misses the troll.
The kobold brigand completely misses you.
The troll bites you! The troll completely misses you.
The troll closely misses you.
You shoot an arrow.
The arrow hits the troll but does no damage.
The troll is almost dead.
The kobold brigand hits you but does no damage.
The troll bites you but does no damage. The troll claws you.
The troll misses you.
You shoot an arrow. The arrow barely misses the troll.
You shoot an arrow. The arrow closely misses the troll.
The kobold brigand completely misses you.
The troll completely misses you. The troll claws you!
The troll completely misses you.
You shoot an arrow. The arrow hits the troll!
You kill the troll!
Okawaru accepts your kill.
The troll leather armour is intact enough to wear.
The kobold brigand hits you but does no damage.
You shoot an arrow. The arrow hits the kobold brigand!
The kobold brigand is moderately wounded.
The shadow strikes at you from the darkness!
Reactivating autopickup.
The kobold brigand completely misses you.
8541 ||| READING 6 scrolls of teleportation.
As you read the scroll of teleportation, it crumbles to dust.
You feel strangely unstable.
The shadow slips into darkness.
The shadow flickers and vanishes!
Deactivating autopickup; reactivate with Ctrl-A.
The kobold brigand barely misses you.
You shoot an arrow. The arrow hits the kobold brigand!
The kobold brigand is severely wounded.
The shadow strikes at you from the darkness!
You die...

## #......'.#
###.#.# 8#
#......#.# #...#.#
.# #......#.#
###.###.# ##
#......#.### #...#
#.# #
#......#...###.###
#.# #
#......###[.##.#
#.# # ########
##.)..# #.#
#K########.##
#@{.......!.#
#############


You could see a kobold brigand.

Vanquished Creatures
  2 two-headed ogres
  Amaemon (D:8)
  2 orc knights
  A manticore (D:9)
  Joseph (D:8)
  An orange demon (D:8)
  Maggie (D:8)
  A tengu conjurer (D:9)
  A troll (D:9)
  Prince Ribbit (D:6)
  A wraith (D:10)
  17 yaks
  Eustachio (D:6)
  2 steam dragons
  Edmund (D:5)
  Duvessa (D:7)
  A sky beast (D:6)
  4 ice beasts
  4 orc warriors (D:9)
  2 black bears
  2 ogres
  4 centaurs (D:9)
  A phantom (D:6)
  6 bullfrogs
  2 kobold brigands
  4 scorpions
  5 wights (D:8)
  Dowan (D:7)
  2 howler monkeys (D:8)
  A crimson imp (D:5)
  2 orc priests
  6 hounds
  3 jellies
  A gnoll bouda (D:5)
  7 sleepcaps
  Terence (D:2)
  3 iguanas
  Natasha (thrice) (D:2)
  5 orc wizards
  13 gnolls
  4 adders
  2 shadow imps
  A white imp (D:7)
  2 worms
  2 dart slugs
  35 orcs
  2 ball pythons
  3 bats
  9 endoplasms
  7 giant cockroaches
  7 goblins
  5 hobgoblins
  7 jackals
  3 quokkas
  A frilled lizard (D:3)
  A goblin zombie (D:5)
  2 hobgoblin zombies (D:5)
  18 kobolds
  2 kobold skeletons (D:5)
  3 kobold zombies (D:5)
  An orc skeleton (D:5)
  An orc zombie (D:5)
  4 rats
240 creatures vanquished.

Notes
Turn   | Place    | Note
-------+----------+-------------------------------------------
     0 | D:1      | qw the Deep Elf Hunter began the quest for the Orb.
     0 | D:1      | Reached XP level 1. HP: 12/12 MP: 3/3
     0 | D:1      | 0 ||| qw: Version: 0.3-a-9-g12657ce
     0 | D:1      | 0 ||| qw: Game counter: 2290
     0 | D:1      | 0 ||| qw: Always use a shield: true
     0 | D:1      | 0 ||| qw: God list: Okawaru
     0 | D:1      | 0 ||| qw: Allow faded altars: false
     0 | D:1      | 0 ||| qw: Do Orc after D:15 true
     0 | D:1      | 0 ||| qw: Do second Lair branch before Depths: true
     0 | D:1      | 0 ||| qw: Lair rune preference: random
     0 | D:1      | 0 ||| qw: Plans: Normal
     0 | D:1      | 0 ||| PLANNING D:1-11
    94 | D:1      | Reached XP level 2. HP: 16/16 MP: 4/4
    97 | D:1      | Reached skill level 6 in Ranged Weapons
   500 | D:1      | Reached XP level 3. HP: 20/20 MP: 5/5
   788 | D:1      | 788 ||| UPGRADING to +0 ring mail.
   798 | D:1      | 798 ||| DROPPING +0 leather armour.
   799 | D:1      | 799 ||| UPGRADING to +1 cloak.
   804 | D:1      | 804 ||| READING scroll labelled ZIWNIENINO.
   805 | D:1      | 805 ||| READING scroll labelled JOH QONGE NUOT.
   806 | D:1      | 806 ||| DRINKING 2 silvery potions.
   807 | D:1      | 807 ||| DROPPING scroll of butterflies.
   808 | D:1      | 808 ||| DROPPING potion of brilliance.
   845 | D:2      | Noticed Terence
   847 | D:2      | Killed Terence
   848 | D:2      | Reached skill level 7 in Ranged Weapons
   883 | D:2      | Found a runed translucent door.
   884 | D:2      | Noticed Crazy Yiuf
   916 | D:2      | Noticed Natasha
   918 | D:2      | 918 ||| FLEEEEING.
   919 | D:2      | 919 ||| FLEEEEING.
   921 | D:2      | Killed Natasha
   922 | D:2      | Reached XP level 4. HP: 24/25 MP: 6/6
  1018 | D:2      | Noticed Natasha
  1020 | D:2      | Killed Natasha
  1021 | D:2      | Reached skill level 8 in Ranged Weapons
  1224 | D:2      | Noticed Natasha
  1228 | D:2      | Killed Natasha
  1229 | D:2      | Reached XP level 5. HP: 29/29 MP: 7/7
  1629 | D:2      | 1629 ||| READING scroll labelled SOCHOE JUWKOH.
  1630 | D:2      | 1630 ||| READING 2 scrolls labelled FURERAUCIK.
  1631 | D:2      | 1631 ||| READING scroll labelled FESHAUPYLA.
  1632 | D:2      | 1632 ||| READING 2 scrolls labelled IFITSO XIHUCHU.
  1633 | D:2      | 1633 ||| DROPPING scroll of blinking.
  1635 | D:2      | 1635 ||| Stepping ~*~*~tactically~*~*~ (cloud).
  1639 | D:2      | HP: 7/29 [poisoned by you (poison gas)]
  1918 | D:3      | 1918 ||| Stepping ~*~*~tactically~*~*~ (outnumbered).
  1920 | D:3      | 1920 ||| Stepping ~*~*~tactically~*~*~ (outnumbered).
  1926 | D:3      | HP: 7/29 [orc priest/+0 hand axe (4)]
  1929 | D:3      | Reached skill level 9 in Ranged Weapons
  1931 | D:3      | HP: 7/29 [orc/+0 trident (1)]
  2051 | D:3      | Noticed a black bear
  2059 | D:3      | Killed a black bear
  2060 | D:3      | Reached XP level 6. HP: 22/36 MP: 8/8
  2121 | D:3      | 2121 ||| FLEEEEING.
  2382 | D:3      | Found a stormy altar of Qazlal.
  2626 | D:3      | Found a glowing silver altar of Zin.
  2627 | D:3      | Found a bloodstained altar of Trog.
  2832 | D:3      | 2832 ||| UPGRADING to amulet of regeneration.
  2837 | D:3      | 2837 ||| READING scroll labelled GEIBEI OXZOOM.
  2838 | D:3      | 2838 ||| READING scroll labelled RANUT XUEXT.
  2839 | D:3      | 2839 ||| READING scroll labelled HAMIPL XUALOESK.
  2840 | D:3      | 2840 ||| DRINKING 2 fuming green potions.
  2841 | D:3      | 2841 ||| READING 2 scrolls of identify.
  2841 | D:3      | 2841 ||| IDENTIFYING smoky purple potion
  2842 | D:3      | 2842 ||| DROPPING potion of lignification.
  2890 | D:4      | Found Julaemio's One-of-a-Kind Rings.
  2900 | D:4      | 2900 ||| SHOPLISTING +2 ring of protection (130 gold, have
                  | 87).
  2900 | D:4      | 2900 ||| SHOPLISTING +3 ring of slaying (585 gold, have
                  | 87).
  2900 | D:4      | 2900 ||| SHOPLISTING ring "Noney" {rElec rC- Will+ Dex+6
                  | Stlth-} (561 gold, have 87).
  2900 | D:4      | 2900 ||| SHOPLISTING ring "Wikhlav" {+Blink rCorr MP+9
                  | Str-3 Slay+2} (715 gold, have 87).
  3081 | D:4      | Reached skill level 10 in Ranged Weapons
  3127 | D:4      | Reached skill level 3 in Dodging
  3264 | D:4      | Found a runed translucent gate.
  3265 | D:4      | Found a runed translucent gate.
  3266 | D:4      | Found a runed translucent gate.
  3267 | D:4      | Found an opulent altar of Gozag.
  3269 | D:4      | Noticed qw's ghost (novice GrFi)
  3374 | D:4      | Reached skill level 1 in Armour
  3374 | D:4      | Reached XP level 7. HP: 40/40 MP: 9/9
  3402 | D:4      | Found a staircase to the Ecumenical Temple.
  3403 | D:4      | 3403 ||| PLANNING TEMPLE
  3403 | D:4      | 3403 ||| UPGRADING to +6 ring of dexterity.
  3404 | D:4      | 3404 ||| DRINKING 2 purple potions.
  3411 | Temple   | Entered the Ecumenical Temple
  3494 | Temple   | 3494 ||| PLANNING OKAWARU WORSHIP
  3567 | Temple   | Became a worshipper of Warmaster Okawaru
  3568 | Temple   | 3568 ||| PLANNING D:1-11
  4553 | D:5      | Entered Level 5 of the Dungeon
  4611 | D:5      | Noticed a two-headed ogre
  4616 | D:5      | HP: 7/40 [two-headed ogre/+0 giant club (19)]
  4617 | D:5      | 4617 ||| DRINKING potion of heal wounds.
  4620 | D:5      | Killed a two-headed ogre
  4620 | D:5      | Reached * piety under Okawaru
  4620 | D:5      | Reached ** piety under Okawaru
  4621 | D:5      | Reached XP level 8. HP: 8/45 MP: 10/10
  4621 | D:5      | 4621 ||| INVOKING Heroism.
  4622 | D:5      | 4622 ||| INVOKING Heroism.
  4622 | D:5      | HP: 1/45 [iguana (9)]
  4744 | D:5      | 4744 ||| INVOKING Heroism.
  4747 | D:5      | Reached skill level 1 in Invocations
  4848 | D:5      | 4848 ||| INVOKING Heroism.
  4895 | D:5      | Reached skill level 3 in Invocations
  4916 | D:5      | Noticed Edmund
  4917 | D:5      | 4917 ||| INVOKING Heroism.
  4922 | D:5      | Killed Edmund
  4923 | D:5      | Reached skill level 11 in Ranged Weapons
  4932 | D:5      | Found a glowing golden altar of the Shining One.
  5172 | D:5      | 5172 ||| INVOKING Heroism.
  5197 | D:5      | 5197 ||| READING scroll of enchant armour.
  5197 | D:5      | 5197 ||| ENCHANTING +1 cloak.
  5203 | D:5      | 5203 ||| UPGRADING to +6 ring of strength.
  5204 | D:5      | 5204 ||| READING 2 scrolls of identify.
  5204 | D:5      | 5204 ||| IDENTIFYING grey potion
  5226 | D:6      | Noticed Prince Ribbit
  5227 | D:6      | 5227 ||| INVOKING Heroism.
  5236 | D:6      | Killed Prince Ribbit
  5237 | D:6      | Reached skill level 12 in Ranged Weapons
  5237 | D:6      | Reached XP level 9. HP: 29/49 MP: 12/14
  5245 | D:6      | Reached skill level 3 in Fighting
  5290 | D:6      | Found Ytuubin's Magic Scroll Emporium.
  5292 | D:6      | Noticed Eustachio
  5293 | D:6      | 5293 ||| INVOKING Heroism.
  5297 | D:6      | Killed Eustachio
  5313 | D:6      | 5313 ||| BUYING scroll of identify (28 gold).
  5313 | D:6      | Bought a scroll of identify for 28 gold pieces
  5313 | D:6      | 5313 ||| BUYING scroll of identify (28 gold).
  5313 | D:6      | Bought a scroll of identify for 28 gold pieces
  5313 | D:6      | 5313 ||| BUYING scroll of teleportation (42 gold).
  5313 | D:6      | Bought a scroll of teleportation for 42 gold pieces
  5313 | D:6      | 5313 ||| BUYING scroll of teleportation (42 gold).
  5313 | D:6      | Bought a scroll of teleportation for 42 gold pieces
  5478 | D:6      | Found an ornate altar of the Wu Jian Council.
  5540 | D:6      | Reached skill level 13 in Ranged Weapons
  5543 | D:6      | 5543 ||| INVOKING Heroism.
  5564 | D:6      | 5564 ||| READING scroll of enchant armour.
  5564 | D:6      | 5564 ||| ENCHANTING +0 ring mail.
  5843 | D:6      | 5843 ||| READING scroll labelled ACZEKAMADY.
  5844 | D:6      | 5844 ||| READING 4 scrolls of identify.
  5844 | D:6      | 5844 ||| IDENTIFYING fuming cyan potion
  5845 | D:6      | 5845 ||| READING 3 scrolls of identify.
  5845 | D:6      | 5845 ||| IDENTIFYING green potion
  5846 | D:6      | 5846 ||| READING 2 scrolls of identify.
  5846 | D:6      | 5846 ||| IDENTIFYING dark potion
  5847 | D:6      | 5847 ||| DROPPING potion of berserk rage.
  5848 | D:6      | 5848 ||| DROPPING potion of degeneration.
  5877 | D:7      | 5877 ||| Stepping ~*~*~tactically~*~*~ (outnumbered).
  5878 | D:7      | 5878 ||| Stepping ~*~*~tactically~*~*~ (outnumbered).
  5888 | D:7      | Noticed Dowan
  5889 | D:7      | 5889 ||| INVOKING Heroism.
  5893 | D:7      | Killed Dowan
  5917 | D:7      | Reached skill level 14 in Ranged Weapons
  5928 | D:7      | Identified the +2 cloak of Calculation {+Inv}
  5937 | D:7      | Noticed Duvessa
  5938 | D:7      | 5938 ||| INVOKING Heroism.
  5953 | D:7      | Killed Duvessa
  6056 | D:7      | 6056 ||| INVOKING Heroism.
  6060 | D:7      | Reached skill level 9 in Dodging
  6171 | D:7      | Found a snail-covered altar of Cheibriados.
  6269 | D:7      | 6269 ||| DROPPING +2 cloak of Calculation {+Inv}.
  6270 | D:7      | 6270 ||| DRINKING 2 fizzy coppery potions.
  6271 | D:7      | 6271 ||| DROPPING potion of attraction.
  6341 | D:8      | Found a sacrificial altar of Ru.
  6341 | D:8      | Noticed Joseph
  6343 | D:8      | 6343 ||| FLEEEEING.
  6358 | D:8      | Killed Joseph
  6358 | D:8      | Reached *** piety under Okawaru
  6359 | D:8      | Reached XP level 10. HP: 53/59 MP: 15/15
  6478 | D:8      | 6478 ||| INVOKING Heroism.
  6480 | D:8      | 6480 ||| Stepping ~*~*~tactically~*~*~ (cloud).
  6508 | D:8      | Found a shimmering altar of Xom.
  6592 | D:8      | Noticed Maggie
  6597 | D:8      | 6597 ||| INVOKING Heroism.
  6601 | D:8      | Killed Maggie
  6929 | D:8      | Noticed an orange demon
  6930 | D:8      | 6930 ||| INVOKING Heroism.
  6930 | D:8      | Noticed Amaemon
  6946 | D:8      | Killed Amaemon
  6947 | D:8      | Reached skill level 6 in Fighting
  6947 | D:8      | Killed an orange demon
  6947 | D:8      | Reached **** piety under Okawaru
  7166 | D:8      | 7166 ||| UPGRADING to +0 swamp dragon scales.
  7176 | D:8      | 7176 ||| DROPPING +1 ring mail.
  7177 | D:8      | 7177 ||| READING 2 scrolls labelled BEDOSEU DEQISCH.
  7278 | D:8      | 7278 ||| DRINKING 2 bubbling puce potions.
  7278 | D:8      | Gained mutation: You have hidden genetic potential. [potion
                  | of mutation]
  7278 | D:8      | Gained mutation: You are partially covered in iridescent
                  | scales. (AC +2) [potion of mutation]
  7279 | D:8      | 7279 ||| DROPPING scroll of silence.
  7297 | D:9      | 7297 ||| STAIRDANCE
  7303 | D:8      | 7303 ||| INVOKING Heroism.
  7307 | D:8      | HP: 15/60 [yak (6)]
  7308 | D:8      | 7308 ||| READING 8 scrolls of teleportation.
  7311 | D:8      | Reached skill level 3 in Armour
  7382 | D:9      | 7382 ||| Stepping ~*~*~tactically~*~*~ (outnumbered).
  7385 | D:9      | 7385 ||| Stepping ~*~*~tactically~*~*~ (outnumbered).
  7565 | D:9      | 7565 ||| INVOKING Heroism.
  7567 | D:9      | 7567 ||| Stepping ~*~*~tactically~*~*~ (cloud).
  7845 | D:9      | Noticed a manticore
  7850 | D:9      | 7850 ||| SWAPPING to +0 orcbow.
  7855 | D:9      | 7855 ||| INVOKING Heroism.
  7874 | D:9      | 7874 ||| DROPPING +0 heavy shortbow.
  7892 | D:9      | 7892 ||| INVOKING Heroism.
  7895 | D:9      | Reached skill level 6 in Invocations
  7895 | D:9      | Reached XP level 11. HP: 46/66 MP: 14/17
  7918 | D:9      | Noticed a two-headed ogre
  7921 | D:9      | 7921 ||| INVOKING Heroism.
  7928 | D:9      | Killed a two-headed ogre
  7967 | D:9      | 7967 ||| INVOKING Heroism.
  8190 | D:9      | 8190 ||| UPGRADING to +2 pair of gloves.
  8195 | D:9      | 8195 ||| DROPPING +0 robe of willpower.
  8196 | D:9      | 8196 ||| DROPPING ring of wizardry.
  8197 | D:9      | 8197 ||| READING 3 scrolls of identify.
  8197 | D:9      | 8197 ||| IDENTIFYING bubbling emerald potion
  8198 | D:9      | 8198 ||| DROPPING potion of invisibility.
  8209 | D:10     | Entered Level 10 of the Dungeon
  8211 | D:10     | Noticed an orc knight
  8212 | D:10     | 8212 ||| INVOKING Heroism.
  8231 | D:10     | Noticed an orc knight
  8232 | D:10     | Killed an orc knight
  8249 | D:10     | 8249 ||| STAIRDANCE
  8249 | D:10     | HP: 5/66 [orc warrior/+0 scimitar (18)]
  8251 | D:9      | 8251 ||| READING 7 scrolls of teleportation.
  8252 | D:9      | 8252 ||| DRINKING potion of heal wounds.
  8381 | D:10     | Gained mutation: Your muscles are strong. (Str +4, Int/Dex
                  | -1) [hidden potential]
  8397 | D:10     | Reached ***** piety under Okawaru
  8419 | D:10     | 8419 ||| FLEEEEING.
  8420 | D:10     | 8420 ||| FLEEEEING.
  8421 | D:10     | 8421 ||| STAIRDANCE
  8425 | D:9      | 8425 ||| INVOKING Heroism.
  8436 | D:9      | Reached skill level 15 in Ranged Weapons
  8442 | D:9      | Killed an orc knight
  8486 | D:10     | 8486 ||| INVOKING Heroism.
  8527 | D:10     | 8527 ||| STAIRDANCE
  8529 | D:9      | 8529 ||| INVOKING Heroism.
  8540 | D:9      | HP: 7/66 [something (16)]
  8541 | D:9      | 8541 ||| READING 6 scrolls of teleportation.
  8542 | D:9      | Mangled by a shadow

Levels and vault maps discovered:
D:1:      spicycebolla_green_bress_n_ham, layout_basic, grunt_decor_mini_mirrors
D:2:      layout_basic, chequers_serial_rivers_micro_d, st_stairs_13,
          uniq_natasha, uniq_terence, uniq_crazy_yiuf_cottage
D:3:      layout_basic, grunt_qazlal_sundering,
          gammafunk_temple_overflow_statue, serial_co_window_serial,
          co_window_paths_a, co_window_paths_a, co_window_corner_a,
          co_window_paths_a, co_window_paths_a, co_window_paths_b,
          co_window_paths_b, co_window_broadway_c, co_window_cross_4,
          co_window_corner_b, co_window_paths_e
D:4:      layout_loops_ring, minmay_temple_entry_enclosed_plants,
          ebering_ghost_gozag, hangedman_feature_mirror,
          kennysheep_another_room, nicolae_shop_unique_rings,
          minmay_misc_feat_chi
D:5:      layout_basic, nicolae_tso_besieged_by_evil, uniq_edmund
D:6:      layout_loops_cross, nzn_wu_jian_council_hall, serial_shops, shop,
          minmay_crystal_water, serial_park_tiny_pond, uniq_prince_ribbit1,
          uniq_eustachio
D:7:      layout_rooms, mainiacjoe_overflow_chevrons, lemuel_flamethrower_1,
          uniq_duvessa
D:8:      layout_basic, nicolae_ru_awakened_eye, tgw_xom, uniq_amaemon,
          uniq_maggie, uniq_joseph
D:9:      minmay_chambers_of_sixes, layout_basic, statue_in_the_mist_lemuel
D:10:     layout_basic, marbit_many_paths, nicolae_overflow_hidden_temple,
          orc_david_3
Temple:   hellmonk_temple_flake

Skill      XL: |  1  2  3  4  5  6  7  8  9 10 11 |
---------------+----------------------------------+-----
Ranged Weapons | 6 7 8 9 10 12 14 15 | 15.5
Fighting       | 2 5 6 |  6.4
Dodging        | 3 8 9 11 | 11.0
Armour         | 1 3 |  3.2
Invocations    | 4 6 8 |  8.3
Stealth        | |  1.2

Action                     |  1- 3 |  4- 6 |  7- 9 | 10-12 || total
---------------------------+-------+-------+-------+-------++-------
   Fire: Shortbow          |    42 |   127 |   242 |   118 ||   529
         Orcbow            |       |       |       |   176 ||   176
 Invoke: Heroism           |       |       |    11 |    13 ||    24
    Use: Scroll            |     2 |     8 |     7 |     5 ||    22
         Potion            |     1 |     1 |     3 |     2 ||     7
 Armour: Leather armour    |     2 |       |       |       ||     2
         Ring mail         |       |    47 |    16 |    15 ||    78
         Swamp dragon scal |       |       |       |    41 ||    41
  Dodge: Dodged            |     3 |    63 |    71 |   318 ||   455

Table legend:
 A = Non-vault XP
 B = Vault XP
 C = Vault XP percentage of total XP
 D = Non-vault monster count
 E = Vault monster count
 F = Vault count percentage of total count
                 A         B        C        D         E       F
            +---------+---------+-------+---------+---------+-------
      Total |    9161 |    7425 |  44.8 |     193 |      47 |  19.6
            +---------+---------+-------+---------+---------+-------
        D:1 |      50 |       0 |   0.0 |      19 |       0 |   0.0
        D:2 |      95 |      75 |  44.1 |      16 |       3 |  15.8
        D:3 |     229 |       0 |   0.0 |      24 |       0 |   0.0
        D:4 |     309 |       5 |   1.6 |      19 |       2 |   9.5
        D:5 |    1524 |     218 |  12.5 |      25 |      12 |  32.4
        D:6 |    1004 |     455 |  31.2 |      14 |       2 |  12.5
        D:7 |     739 |     210 |  22.1 |      24 |       2 |   7.7
        D:8 |    1368 |    2295 |  62.7 |      14 |      10 |  41.7
        D:9 |    1862 |    3573 |  65.7 |      19 |      12 |  38.7
       D:10 |    1981 |     594 |  23.1 |      19 |       4 |  17.4
            +---------+---------+-------+---------+---------+-------
